 Dungeon Crawl Stone Soup version 0.22-a0-612-gd2f0174 (webtiles) character file.

1109 Hebeh the Conjurer (level 8, 0/41 HPs)
             Began as a Deep Elf Fire Elementalist on July 11, 2018.
             Slain by a centaur (5 damage)
             ... on level 6 of the Dungeon.
             The game lasted 00:33:17 (6942 turns).

Hebeh the Conjurer (Deep Elf Fire Elementalist)     Turns: 6942, Time: 00:33:18

Health: 0/41       AC:  3    Str:  5    XL:     8   Next: 11%
Magic:  3/19       EV: 13    Int: 23    God:
Gold:   230        SH:  0    Dex: 15    Spells: 14/20 levels left

rFire    . . .     SeeInvis +   x - +3 war axe (curse)
rCold    + . .     Gourm    .   (no shield)
rNeg     . . .     Faith    .   b - +1 robe
rPois    .         Spirit   .   (no helmet)
rElec    .         Reflect  .   (no cloak)
rCorr    .         Harm     .   (no gloves)
MR       .....                  (no boots)
Stlth    ++........             (no amulet)
HPRegen  0.13/turn              n - ring of see invisible
MPRegen  0.16/turn              p - ring of protection from cold

@: no status effects
A: no striking features
a: no special abilities


You were on level 6 of the Dungeon.
You were not hungry.

You visited 1 branch of the dungeon, and saw 6 of its levels.

You collected 230 gold pieces.

Inventory:

Hand Weapons
 a - a +2 trident of venom
 s - a +0 short sword
 x - a cursed +3 war axe (weapon)
 z - a +5 battleaxe
Missiles
 e - 194 stones (quivered)
 o - 4 tomahawks of returning
 t - 10 sling bullets
Armour
 b - a +1 robe (worn)
Jewellery
 n - a ring of see invisible (left hand)
 p - a ring of protection from cold (right hand)
Wands
 v - a wand of polymorph (9)
Scrolls
 g - 7 scrolls of identify
 r - a scroll of remove curse
 u - a scroll of amnesia
 w - 2 scrolls of fog
 y - a scroll of enchant armour
Potions
 d - a potion of heal wounds {unknown}
 f - 4 potions of curing
 h - 3 potions of lignification {unknown}
 i - a potion of flight {unknown}
 j - a potion of cancellation {unknown}
 k - a potion of berserk rage {unknown}
 m - a potion of ambrosia {unknown}
Comestibles
 c - 13 rations


   Skills:
 - Level 2.4 Dodging
 - Level 2.4 Stealth
 + Level 6.5 Spellcasting
 * Level 7.0 Conjurations
 * Level 6.8 Fire Magic


You had 14 spell levels left.
You knew the following spells:

 Your Spells              Type           Power        Failure   Level  Hunger
a - Flame Tongue          Conj/Fire      #####        1%          1    None
b - Throw Flame           Conj/Fire      #####.       1%          2    None
c - Conjure Flame         Conj/Fire      #####...     1%          3    None

Your spell library contained the following spells:

 Spells                   Type           Power        Failure   Level  Hunger
 Fireball                 Conj/Fire      #####.....   13%         5    #####..
 Sticky Flame             Conj/Fire      #####...     4%          4    ###....
 Inner Flame              Hex/Fire       ###.....     6%          3    None


Dungeon Overview and Level Annotations

Branches:
Dungeon (6/15)             Temple (0/1) D:6

Altars:
Zin


Message History

The centaur shoots an arrow.
The arrow barely misses you.
The centaur unwields an uncursed shortbow.
The centaur hits you.
Things that are here:
a hand axe; a leather armour; an arrow You hit the centaur.
The centaur is lightly wounded.
The centaur hits you!
* * * LOW HITPOINT WARNING * * *
The centaur closely misses you. The centaur hits you.
* * * LOW HITPOINT WARNING * * *
The centaur hits you.
* * * LOW HITPOINT WARNING * * *
You see here a trident.
You are too injured to fight recklessly!
You hit the centaur.
The centaur is heavily wounded.
The centaur hits you.
You die...

................>...≈≈≈
....#.#####+######.≈≈≈
#.....# #..(......≈≈≈
#...... +.....[[...≈≈
#.....####.....)......
#.....#..+............
#....(#.##............
########
###c#.##########.#.#
#......# #()@#.# #.÷..
#......# #.###.# #####.#
#......####.....# #......
#...............# #.###.#
#...............# #.#.#.#
####+#..........#
######'#...#
#.#..........#
#........###
#.#..........###........#
#.#................<....#


You could see a centaur.

Vanquished Creatures
  2 ogres (D:6)
  A centaur (D:5)
  A bullfrog (D:6)
  2 scorpions
  3 wights (D:6)
  A howler monkey (D:6)
  4 orc wizards
  A centaur skeleton (D:4)
  A hound (D:5)
  2 iguanas
  2 worker ants
  2 hound zombies (D:5)
  A hound skeleton (D:6)
  10 adders
  3 oozes (D:2)
  An adder zombie (D:6)
  An adder skeleton (D:6)
  3 worms
  4 dart slugs
  4 leopard geckos
  16 orcs
  8 bats
  5 giant cockroaches
  11 goblins
  7 hobgoblins
  4 jackals (D:5)
  4 kobolds
  A quokka (D:6)
  2 ball pythons (D:3)
  2 frilled lizards (D:2)
  A jackal skeleton (D:4)
  3 rats
113 creatures vanquished.

Notes
Turn   | Place    | Note
-------+----------+-------------------------------------------
     0 | D:1      | Hebeh the Deep Elf Fire Elementalist began the quest for the Orb.
     0 | D:1      | Reached XP level 1. HP: 10/10 MP: 6/6
   370 | D:1      | Reached XP level 2. HP: 15/15 MP: 5/8
   617 | D:1      | Reached skill level 2 in Conjurations
  1158 | D:2      | Reached XP level 3. HP: 19/19 MP: 6/10
  1690 | D:2      | Reached skill level 3 in Conjurations
  1835 | D:2      | Reached XP level 4. HP: 20/24 MP: 6/11
  2670 | D:3      | Reached XP level 5. HP: 25/28 MP: 7/13
  2733 | D:3      | Learned a level 2 spell: Throw Flame
  2737 | D:3      | Learned a level 3 spell: Conjure Flame
  2984 | D:3      | Reached skill level 4 in Conjurations
  4189 | D:4      | Reached XP level 6. HP: 32/32 MP: 7/15
  4277 | D:4      | Reached skill level 5 in Spellcasting
  4703 | D:4      | Reached skill level 5 in Conjurations
  4886 | D:5      | Entered Level 5 of the Dungeon
  4986 | D:5      | Found a glowing silver altar of Zin.
  4987 | D:5      | Noticed an angel
  5012 | D:5      | Reached skill level 5 in Fire Magic
  5699 | D:5      | Reached XP level 7. HP: 33/36 MP: 9/17
  6204 | D:6      | Found a staircase to the Ecumenical Temple.
  6251 | D:6      | Reached skill level 6 in Conjurations
  6765 | D:6      | Reached XP level 8. HP: 41/41 MP: 6/19
  6918 | D:6      | Reached skill level 7 in Conjurations
  6942 | D:6      | Slain by a centaur

Vault maps used:
D:1:      lightli_arrival_chessboard
D:4:      st_stairs_5
D:5:      zin_angel, first_ration, serial_bayou_lagoon_a,
          kennysheep_another_room
D:6:      temple_pool_b

Skill      XL: |  1  2  3  4  5  6  7  8 |
---------------+-------------------------+-----
Conjurations   | 2 3 4 5 6 7 |  7.0
Spellcasting   | 4 5 6 |  6.5
Fire Magic     | 4 5 6 |  6.8
Dodging        | |  2.4
Stealth        | |  2.4

Action                   |  1- 3 |  4- 6 |  7- 9 || total
-------------------------+-------+-------+-------++-------
Melee: Trident           |       |    47 |       ||    47
       War axe           |       |       |     9 ||     9
Throw: Stone             |    71 |    39 |     8 ||   118
       Tomahawk          |       |       |     4 ||     4
 Cast: Flame Tongue      |    61 |    97 |    59 ||   217
       Throw Flame       |       |    41 |    20 ||    61
       Conjure Flame     |       |       |     3 ||     3
  Use: Scroll            |       |     8 |     2 ||    10
  Eat: Chunk             |     2 |    12 |     4 ||    18
Armor: Robe              |     3 |    13 |     1 ||    17
Dodge: Dodged            |    13 |    62 |    14 ||    89

Table legend:
 A = Spawn XP
 B = Non-spawn XP
 C = Spawn XP percentage of total XP
 D = Spawn monster count
 E = Non-spawn monster count
 F = Spawn count percentage of total count
 G = Total turns spent on level
                    A         B        C        D         E        F      G
               +---------+---------+-------+---------+---------+-------+---------
         Total |       0 |    1585 |   0.0 |       0 |     113 |   0.0 |  6942
               +---------+---------+-------+---------+---------+-------+---------
           D:1 |       0 |      35 |   0.0 |       0 |      15 |   0.0 |  1133
           D:2 |       0 |      77 |   0.0 |       0 |      21 |   0.0 |   872
           D:3 |       0 |     143 |   0.0 |       0 |      23 |   0.0 |  1188
           D:4 |       0 |     236 |   0.0 |       0 |      20 |   0.0 |  1724
           D:5 |       0 |     332 |   0.0 |       0 |      12 |   0.0 |  1271
           D:6 |       0 |     762 |   0.0 |       0 |      22 |   0.0 |   754
               +---------+---------+-------+---------+---------+-------+---------
